 Seeded DCSS version 0.27-a0-1228-gfd60fd639a (webtiles) character file.

Game seed: 49 (custom seed)

4 Snicker the Chopper (level 1, 15/18 HPs)
             Began as a Minotaur Gladiator on June 8, 2021.
             Got out of the dungeon alive.
             The game lasted 00:00:16 (114 turns).

Snicker the Chopper (Minotaur Gladiator)             Turns: 114, Time: 00:00:16

Health: 15/18      AC:  3    Str: 18    XL:     1   Next: 58%
Magic:  0/0        EV: 12    Int:  5    God:
Gold:   0          SH:  0    Dex: 11    Spells: 0/0 levels left

rFire    . . .     SeeInvis .   a - +0 war axe
rCold    . . .     Faith    .   (no shield)
rNeg     . . .     Spirit   .   b - +0 leather armour
rPois    .         Reflect  .   c - +0 hat
rElec    .         Harm     .   (no cloak)
rCorr    .         Rampage  .   (no gloves)
Will     .....                  (no boots)
Stlth    +.........             (no amulet)
HPRegen  0.06/turn              (no ring)
MPRegen  0.07/turn              (no ring)

@: no status effects
A: horns 2, retaliatory headbutt
a: no special abilities


You escaped.
You visited 1 branch of the dungeon, and saw 1 of its levels.

Inventory:

Hand Weapons
 a - a +0 war axe (weapon)
Missiles
 d - 3 throwing nets (quivered)
Armour
 b - a +0 leather armour (worn)
 c - a +0 hat (worn)
Scrolls
 e - a scroll of acquirement


   Skills:
 + Level 2.4 Fighting
 + Level 3.7 Axes
 + Level 2.1 Throwing
 + Level 3.5 Dodging


You couldn't memorise any spells.
You didn't know any spells.
Your spell library was empty.

Dungeon Overview and Level Annotations

Branches:
Dungeon (1/15)

Altars:


Innate Abilities, Weirdness & Mutations

You have a pair of horns on your head.
You reflexively headbutt those who attack you in melee.


Message History

A goblin comes into view. It is wielding a +0 dagger of draining.
A goblin is nearby!
You barely miss the goblin. The goblin completely misses you.
The goblin hits you with a +0 dagger of draining.
You feel drained.
You slash the goblin!
You kill the goblin!
You see here a +0 dagger of draining.
A bat comes into view.
A bat is nearby!
A bat is nearby!
The bat misses you. You furiously retaliate!
You headbutt the bat, but do no damage. The bat barely misses you.
You furiously retaliate!
You headbutt the bat!
You kill the bat!
Your life force feels restored.
HP restored.
You see here a bat corpse.
e - a scroll labelled COPPATHRUARI A quokka comes into view.
A rat comes into view.
The helpless quokka fails to defend itself.
You hit the quokka.
The quokka is almost dead.
The quokka bites you. The quokka closely misses you. You furiously retaliate!
You headbutt the quokka.
You kill the quokka!
This is a scroll of acquirement!
Unknown command.
You barely miss the rat. The rat bites you.
You closely miss the rat. Your headbutt misses the rat.
The rat closely misses you. The rat bites you but does no damage.
You slash the rat!
You kill the rat!
You enter the shallow water.
Moving in this stuff is going to be slow.
There is an open door here.
There is a staircase leading out of the dungeon here.
Are you sure you want to leave the Dungeon?
This will make you lose the game!
You have escaped!

#.# #..### #.♣..
#♣≈≈≈♣ #P≈≈≈♣
###♣≈≈### #.##≈##.#
#..'≈'..# #@##≈##.#
###♣≈♣### # ♣≈≈≈♣ ..
#♣≈≈≈♣# #.#.#
#..##...#.# #.#.#
#.........#########.
#.#.#
##.###....#..........
##.#..
.........###.........
#....#
#......#####.#######


There were no monsters in sight!

Vanquished Creatures
  A bat (D:1)
  A goblin (D:1)
  A quokka (D:1)
  A rat (D:1)
4 creatures vanquished.

Notes
Turn   | Place    | Note
-------+----------+-------------------------------------------
     0 | D:1      | Snicker the Minotaur Gladiator began the quest for the Orb.
     0 | D:1      | Reached XP level 1. HP: 18/18 MP: 0/0
    82 | D:1      | Identified a scroll of acquirement
   114 | D:$      | Got out of the dungeon alive.

Illustrated notes

Levels and vault maps discovered:
D:1:      sevenhm_arrival_forest_fort_small_4, layout_loops_ring

Action                   || total
-------------------------++-------
Melee: War axe           ||     6
 Stab: Sleeping          ||     1
Armor: Leather armour    ||     1
Dodge: Dodged            ||     5

Table legend: (Time is in decaauts)
 A = Elapsed time spent in this place.
 B = Non-inter-level travel time spent in this place.
 C = Inter-level travel time spent in this place.
 D = Time resting spent in this place.
 E = Time spent auto-exploring this place.
 F = Levels seen in this place.
 G = Mean time per level.
                   A        B        C        D        E       F      G
               +--------+--------+--------+--------+--------+-----+--------+
         Total |    124 |     94 |     30 |      0 |     72 |   1 |  124.0 |
       Dungeon |    124 |     94 |     30 |      0 |     72 |   1 |  124.0 |
               +--------+--------+--------+--------+--------+-----+--------+

Top non-repeatable levels by time:
     D:1: 124 daAuts
